 Dungeon Crawl Stone Soup version 0.27-a0-92-g39ad13b146 (webtiles) character file.

Game seed: 3515101764660250195

201 kae the Insei (level 5, 0/33 HPs)
             Began as a Tengu Monk on Jan 15, 2021.
             Slain by Terence
             ... wielding a +1 flail of protection
              (3 damage)
             ... on level 2 of the Dungeon.
             The game lasted 00:00:56 (2559 turns).

kae the Insei (Tengu Monk)                          Turns: 2559, Time: 00:00:57

Health: 0/33       AC:  2    Str: 12    XL:     5   Next: 79%
Magic:  6/6        EV: 14    Int: 11    God:
Gold:   62         SH:  0    Dex: 16    Spells: 4/4 levels left

rFire    . . .     SeeInvis .     - Unarmed
rCold    . . .     Faith    .   (no shield)
rNeg     . . .     Spirit   .   a - +0 robe
rPois    .         Reflect  .   (helmet restricted)
rElec    .         Harm     .   (no cloak)
rCorr    .         Rampage  .   (no gloves)
Will     .....                  (boots unavailable)
Stlth    ++........             (no amulet)
HPRegen  0.11/turn              (no ring)
MPRegen  0.10/turn              (no ring)

@: no status effects
A: beak, talons 3, able to fly
a: Fly


You were on level 2 of the Dungeon.
You visited 1 branch of the dungeon, and saw 2 of its levels.

You collected 62 gold pieces.

Inventory:

Armour
 a - a +0 robe (worn)
Jewellery
 f - a cursed -4 ring of intelligence {unknown}
Scrolls
 b - a scroll of identify {unknown}
 c - a scroll of noise {unknown}
 d - a scroll of amnesia {unknown}
Potions
 e - 3 potions of curing {unknown}
 g - a potion of lignification {unknown}
 h - a potion of degeneration {unknown}
 i - a potion of brilliance {unknown}
 j - a potion of mutation {unknown}


   Skills:
 + Level 3.8 Fighting
 + Level 2.3 Armour
 + Level 4.2 Dodging
 - Level 2.0 Stealth
 * Level 5.1 Unarmed Combat


You had 4 spell levels left.
You didn't know any spells.
Your spell library was empty.

Dungeon Overview and Level Annotations

Branches:
Dungeon (2/15)

Altars:

Annotations:
D:2 Terence


Innate Abilities, Weirdness & Mutations

You have a beak for a mouth.
You have claws for feet.
You can fly continuously.


Message History

You are too injured to fight recklessly!
You are too injured to fight recklessly!
You are too injured to fight recklessly!
Terence barely misses you.
Terence hits you with a +1 flail of protection!
You hit Terence but do no damage.
Terence is severely wounded.
You hit Terence but do no damage. Your kick misses Terence.
You peck Terence, but do no damage. Your punch misses Terence.
Terence is severely wounded.
Terence hits you with a +1 flail of protection.
You hit Terence. You peck Terence, but do no damage.
You punch Terence, but do no damage.
Terence is severely wounded.
Terence hits you with a +1 flail of protection!
* * * LOW HITPOINT WARNING * * *
You barely miss Terence.
Terence is severely wounded.
Terence hits you with a +1 flail of protection.
You die...

######>........................#
###......)................#
######.####.............(....#
#...............[............#
#........#...................#
#..............(..........[..#
##........##..................#
#.........###########.........#
#.#######......@....##.########
#.# #.......@...##..#### ##.#
#...........##.....# ...#
#...........##.....# ...#
#...........##.....#
..########...........##.[...#
................)...?##.....#
...#######..........(##.....#
#### #...............##.....#


You could see Terence.

Vanquished Creatures
  An ogre (D:2)
  Jessica (D:2)
  Natasha (D:2)
  A gnoll (D:1)
  An adder (D:2)
  An ooze (D:1)
  A worm (D:2)
  A dart slug (D:1)
  A leopard gecko (D:2)
  A giant cockroach (D:1)
  4 goblins
  8 hobgoblins
  3 ball pythons (D:2)
  7 bats
  A frilled lizard (D:1)
  4 kobolds
  7 rats
44 creatures vanquished.

Notes
Turn   | Place    | Note
-------+----------+-------------------------------------------
     0 | D:1      | kae the Tengu Monk began the quest for the Orb.
     0 | D:1      | Reached XP level 1. HP: 14/14 MP: 2/2
   124 | D:1      | Reached XP level 2. HP: 14/19 MP: 3/3
   209 | D:1      | Reached skill level 1 in Armour
   313 | D:1      | Reached XP level 3. HP: 8/23 MP: 4/4
   822 | D:1      | Reached skill level 4 in Unarmed Combat
  1540 | D:2      | Reached XP level 4. HP: 24/28 MP: 5/5
  1585 | D:2      | Noticed Jessica
  1604 | D:2      | Killed Jessica
  1891 | D:2      | Noticed Natasha
  1904 | D:2      | Killed Natasha
  1905 | D:2      | Gained mutation: You can fly continuously. [Tengu growth]
  1905 | D:2      | Reached XP level 5. HP: 3/32 MP: 6/6
  2218 | D:2      | Noticed an ogre
  2229 | D:2      | Killed an ogre
  2230 | D:2      | Reached skill level 5 in Unarmed Combat
  2539 | D:2      | Noticed Terence
  2559 | D:2      | Slain by Terence

Illustrated notes

Levels and vault maps discovered:
D:1:      sevenhm_arrival_forest_fort_large_2, layout_basic, serial_forest,
          infiniplex_forest_clump_curved, infiniplex_forest_lined_room_2,
          infiniplex_forest_clump_diagonal, infiniplex_forest_corner_1,
          infiniplex_forest_pool, infiniplex_forest_clump_C,
          infiniplex_forest_lined_3_way, infiniplex_forest_lined_4_way,
          infiniplex_forest_corner_1
D:2:      layout_basic, uniq_terence, uniq_natasha, uniq_jessica

Skill      XL: |  1  2  3  4  5 |
---------------+----------------+-----
Armour         | 1 2 |  2.3
Unarmed Combat | 4 5 |  5.1
Dodging        | 4 |  4.2
Fighting       | |  3.8
Stealth        | |  2.0

Action                   |  1- 3 |  4- 6 || total
-------------------------+-------+-------++-------
Melee: Unarmed           |    54 |    55 ||   109
       Kick              |    17 |    15 ||    32
       Peck              |     5 |     9 ||    14
       Punch             |     2 |     2 ||     4
 Stab: Sleeping          |     4 |     1 ||     5
       Distracted        |     1 |       ||     1
Armor: Robe              |     1 |     4 ||     5
Dodge: Dodged            |    24 |    44 ||    68

Table legend: (Time is in decaauts)
 A = Elapsed time spent in this place.
 B = Non-inter-level travel time spent in this place.
 C = Inter-level travel time spent in this place.
 D = Time resting spent in this place.
 E = Time spent auto-exploring this place.
 F = Levels seen in this place.
 G = Mean time per level.
                   A        B        C        D        E       F      G
               +--------+--------+--------+--------+--------+-----+--------+
         Total |   2550 |   2500 |     50 |    493 |   1710 |   2 | 1275.0 |
       Dungeon |   2550 |   2500 |     50 |    493 |   1710 |   2 | 1275.0 |
               +--------+--------+--------+--------+--------+-----+--------+

Top non-repeatable levels by time:
     D:1: 1426 daAuts
     D:2: 1124 daAuts
